 Dungeon Crawl Stone Soup version 0.20-a0-792-g09bcfd3 (webtiles) character file.

268 uglyjohn the Ruffian (level 6, 0/61 HPs)
             Began as a Troll Monk on Feb 27, 2017.
             Slain by Dowan
             ... wielding a +0 dagger
              (1 damage)
             ... on level 4 of the Dungeon on Feb 28, 2017.
             The game lasted 00:06:08 (2627 turns).

uglyjohn the Ruffian (Troll Monk)                   Turns: 2627, Time: 00:06:09

Health: 0/61       AC:  6    Str: 22    XL:     6   Next: 0%
Magic:  5/5        EV: 11    Int:  6    God:
Gold:   88         SH:  0    Dex: 12    Spells: 5/5 levels left

rFire    + . .     SeeInvis .     - Unarmed
rCold    + . .     Gourm    +   a - +0 robe
rNeg     . . .     Faith    .   (no shield)
rPois    +         Spirit   .   (helmet restricted)
rElec    +         Reflect  .   v - +0 cloak
rCorr    +         Harm     .   (gloves unavailable)
MR       .....                  (boots unavailable)
Stlth    ++........             (no amulet)
Regen    0.6/turn               (no ring)
MPRegen  0.1/turn               (no ring)

@: resistant, very slightly contaminated, invisible
A: unfitting armour, claws 3, fast metabolism 3, gourmand, regeneration 1,
shaggy fur 1, tough skin 2
a: no special abilities


You were on level 4 of the Dungeon.
You were full.

You visited 1 branch of the dungeon, and saw 4 of its levels.

You collected 88 gold pieces.

Inventory:

Armour
 a - a +0 robe (worn)
 v - a +0 cloak (worn)
Scrolls
 c - 3 scrolls of enchant weapon
 d - a scroll of noise {unknown}
 e - 2 scrolls of teleportation {unknown}
 f - 5 scrolls of remove curse
 g - a scroll of recharging {unknown}
 h - 2 scrolls of amnesia {unknown}
 l - a scroll of immolation {unknown}
 m - a scroll of random uselessness {unknown}
 p - 2 scrolls of identify {unknown}
 r - a scroll of fog {unknown}
 u - 3 scrolls of blinking {unknown}
Potions
 i - a potion of curing
 j - a potion of might {unknown}
 k - a potion of heal wounds {unknown}
 s - a potion of brilliance {unknown}
 t - a potion of cancellation {unknown}
 w - a potion of haste {unknown}
Comestibles
 b - 2 bread rations
 n - 3 meat rations


   Skills:
 + Level 3.4 Fighting
 + Level 3.5 Dodging
 - Level 1.0 Stealth
 * Level 5.1 Unarmed Combat


You had 5 spell levels left.
You didn't know any spells.

Dungeon Overview and Level Annotations

Branches:
Dungeon (4/15)
 Temple: D:4-7

Altars:
Vehumet

Annotations:
D:4 Dowan, Duvessa


Innate Abilities, Weirdness & Mutations

You are too large for most types of armour.
You have claws for hands.
Your metabolism is lightning-fast.
You like to eat raw meat.
Your natural rate of healing is unusually fast.
You are covered in fur. (AC +1)
You have very tough skin. (AC +2)


Message History

The ogre is almost dead.
The centaur hits you.
* * * LOW HITPOINT WARNING * * *
The ogre barely misses you.
Unknown command.
Unknown command.
You claw the ogre!
You kill the ogre!
Your Unarmed Combat skill increases to level 5!
You have reached level 6!
Your experience leads to an increase in your attributes!
Increase (S)trength, (I)ntelligence, or (D)exterity?
You feel stronger. x2
The centaur misses you. The centaur hits you.
* * * LOW HITPOINT WARNING * * *
It was a potion of resistance.
You feel protected. Duvessa barely misses you. The centaur closely misses you.
Dowan hits you with a dagger.
You die...

.##...............#
.)#...............#
..................# #
..................#.#
##........>......(#.#
#...............(%.#
#.#................#
#.##.....#.....(...#
#.##<.#.##.#..e@..##
......##.##..##.ec.#
....... .... ##.#....
......## ...
......... .##.... #
..####... #.##. .###
... .. . . .. ... ..
..


You could see Duvessa, Dowan and a centaur.

Vanquished Creatures
  An ogre (D:4)
  A scorpion (D:4)
  A hound (D:3)
  3 adders
  An ooze (D:2)
  3 worms
  5 bats
  4 giant cockroaches
  6 goblins
  4 hobgoblins
  11 jackals (D:2)
  2 quokkas
  A ball python (D:1)
  A ball python zombie (D:3)
  5 frilled lizards
  8 kobolds
  A leopard gecko skeleton (D:4)
  12 rats
70 creatures vanquished.

Notes
Turn   | Place    | Note
-------+----------+-------------------------------------------
     0 | D:1      | uglyjohn the Troll Monk began the quest for the Orb.
     0 | D:1      | Reached XP level 1. HP: 22/22 MP: 0/0
   306 | D:1      | Reached XP level 2. HP: 29/29 MP: 1/1
  1098 | D:2      | Reached XP level 3. HP: 36/36 MP: 2/2
  1423 | D:2      | Reached skill level 4 in Unarmed Combat
  1423 | D:2      | Reached XP level 4. HP: 44/44 MP: 3/3
  1701 | D:2      | Upgraded the game from 0.20-a0-787-g4ba4951 to 0.20-a0-792-g09bcfd3
  2016 | D:3      | Found a radiant altar of Vehumet.
  2577 | D:4      | Reached XP level 5. HP: 53/53 MP: 4/4
  2612 | D:4      | Noticed a centaur
  2614 | D:4      | Noticed an ogre
  2617 | D:4      | Noticed Duvessa
  2621 | D:4      | Noticed Dowan
  2622 | D:4      | HP: 1/53 [Duvessa/short sword (10)]
  2626 | D:4      | Killed an ogre
  2626 | D:4      | Reached skill level 5 in Unarmed Combat
  2626 | D:4      | Reached XP level 6. HP: 3/61 MP: 5/5
  2627 | D:4      | Slain by Dowan

Vault maps used:
D:1:      sevenhm_arrival_forest_fort_small_4
D:3:      vehumet_crystals
D:4:      supply_closet_lemuel, uniq_duvessa

Skill      XL: |  1  2  3  4  5 |
---------------+----------------+-----
Unarmed Combat | 4 5 |  5.1
Dodging        | 3 |  3.5
Fighting       | 3 |  3.4
Stealth        | |  1.0

Action                   |  1- 3 |  4- 6 || total
-------------------------+-------+-------++-------
Melee: Unarmed           |    99 |    67 ||   166
       Punch             |     1 |     1 ||     2
  Use: Scroll            |       |     2 ||     2
       Potion            |       |     4 ||     4
 Stab: Sleeping          |     4 |     4 ||     8
       Invisible         |       |     1 ||     1
  Eat: Chunk             |    16 |    11 ||    27
Armor: Robe              |    28 |    14 ||    42
Dodge: Dodged            |    52 |    48 ||   100
